 Dungeon Crawl Stone Soup version 0.28.0-53-g5a82cb258f (webtiles) character file.

Game seed: 7009727652598058416

564 unlimited1921 the Magician (level 7, -1/45 HPs)
             Began as a Djinni Fire Elementalist on June 28, 2022.
             Slain by Sin92's ghost (6 damage)
             ... on level 6 of the Dungeon.
             The game lasted 00:20:08 (7162 turns).

unlimited1921 the Magician (DjFE)                   Turns: 7162, Time: 00:20:11

Health: -1/45      AC:  5    Str:  7    XL:     7   Next: 58%
Gold:   228        EV: 12    Int: 19    God:
                   SH:  0    Dex: 13

rFire   + + .      SeeInvis .   o - +4 quarterstaff (chaos)
rCold   x . .      Faith    .   (shield currently unavailable)
rNeg    . . .      Spirit   .   r - +0 leather armour
rPois   ∞          Reflect  .   l - +0 helmet
rElec   .          Harm     .   p - +0 cloak
rCorr   .          Rampage  .   (no gloves)
Will    .....                   (boots unavailable)
Stlth   ++........              i - amulet of the acrobat
HPRegen 0.15/turn               (no ring)
MPRegen 0.00/turn               (no ring)

@: flying
A: sickness immunity, fire resistance 2, cold vulnerability 1, float, innate
caster, HP casting, extra vitality 1
a: no special abilities


You were on level 6 of the Dungeon.
You visited 1 branch of the dungeon, and saw 6 of its levels.

You collected 228 gold pieces.

Inventory:

Hand Weapons
 b - a +0 short sword
 o - a +4 quarterstaff of chaos (weapon)
 q - a +0 dagger of protection
 w - a +2 whip of venom
 x - a +0 battleaxe
 C - a +2 vorpal falchion
Missiles
 d - 13 poisoned darts
 g - 162 stones
 h - 24 sling bullets
 j - 28 bolts
 s - 6 boomerangs
Armour
 a - a +0 robe
 l - a +0 helmet (worn)
 m - a +0 chain mail
 p - a +0 cloak (worn)
 r - a +0 leather armour (worn)
 z - a +0 ring mail of cold resistance
Jewellery
 i - an amulet of the acrobat (around neck)
Scrolls
 e - 2 scrolls of amnesia {unknown}
 n - a scroll of fog {unknown}
 t - a scroll of magic mapping {unknown}
 u - 2 scrolls of noise {unknown}
 v - a scroll of vulnerability {unknown}
 y - a scroll of teleportation {unknown}
 A - a scroll of identify {unknown}
 F - 3 scrolls of enchant armour {unknown}
Potions
 c - a potion of haste {unknown}
 f - 2 potions of magic {unknown}
 k - a potion of brilliance {unknown}
 B - a potion of lignification {unknown}
 D - a potion of ambrosia {unknown}
 E - a potion of resistance {unknown}


   Skills:
 + Level 0.1 Armour
 + Level 2.7 Dodging
 + Level 2.7 Stealth
 + Level 5.8 Spellcasting


You couldn't memorise any spells.
You knew the following spells:

 Your Spells              Type           Power      Damage    Failure   Level
a - Foxfire               Conj/Fire      100%       2x1d9     1%          1
b - Scorch                Fire           54%        2d8       2%          2
c - Conjure Flame         Conj/Fire      27%        6-21      4%          3
d - Inner Flame           Hex/Fire       27%        N/A       4%          3
e - Flame Wave            Conj/Fire      27%        2d7       16%         4
f - Animate Skeleton      Necr           54%        N/A       1%          1
g - Passwall              Tmut/Erth      22%        N/A       2%          2
h - Lesser Beckoning      Tloc           27%        N/A       4%          3
Your spell library was empty.

Dungeon Overview and Level Annotations

Branches:
Dungeon (6/15)
 Temple: D:4-7

Altars:
Dithmenos
Elyvilon
Okawaru
Sif Muna
Wu Jian

Annotations:
D:6 2 transporters, Sin92's ghost, novice DsFi


Innate Abilities, Weirdness & Mutations

You are immune to sickness and miasma.
You are immune to poison.
Your flesh is very heat resistant. (rF++)
You are vulnerable to cold. (rC-)
You float through the air rather than walking.
You learn spells naturally, not from books.
Your magical power is your life essence.
You have superior vitality. (+4 MHP)


Message History

The foxfire hits the adder.
Flame seeps out of the adder.
The adder is lightly wounded.
The foxfire hits the adder.
Flame seeps out of the adder.
The adder is moderately wounded.
The adder is engulfed in blazing flames.
Flame seeps out of the adder.
Casting: Foxfire (safe; 1% risk of failure)
Confirm with . or Enter, or press ? or * to list all spells.
You conjure some foxfire!
The bullfrog is engulfed in blazing flames.
Flame seeps out of the bullfrog.
The adder misses you. The adder barely misses you.
The bullfrog closely misses you.
The foxfire hits the bullfrog.
Flame seeps out of the bullfrog.
The bullfrog is severely wounded.
The foxfire hits the bullfrog!
The bullfrog explodes!
The fiery explosion engulfs the adder!!!
The adder explodes!
Casting: Foxfire (safe; 1% risk of failure)
Confirm with . or Enter, or press ? or * to list all spells.
Flames lash Sin92's ghost but do no damage.
Casting: Scorch (safe; 2% risk of failure)
Confirm with . or Enter, or press ? or * to list all spells.
Flames lash Sin92's ghost but do no damage.
Casting: Scorch (safe; 2% risk of failure)
Confirm with . or Enter, or press ? or * to list all spells.
Flames lash Sin92's ghost but do no damage.
Casting: Scorch (safe; 2% risk of failure)
Confirm with . or Enter, or press ? or * to list all spells.
Flames lash Sin92's ghost but do no damage.
Sin92's ghost is engulfed in blazing flames.
Sin92's ghost hits you!
* * * LOW HITPOINT WARNING * * *
Casting: Scorch (safe; 2% risk of failure)
Confirm with . or Enter, or press ? or * to list all spells.
Flames lash Sin92's ghost but do no damage.
* * * LOW HITPOINT WARNING * * *
Sin92's ghost is engulfed in blazing flames.
Sin92's ghost hits you.
You die...

#..........######
#................#
#.............##.#
..............##.#
...............#.#
.....#####.....#.#
...#.# ####§☼#.#
.....# #######.W.#
...####≈)≈≈≈≈'§§@#
...#..########§#.#
...'.............#
...#.......######.
.###....<..# .# .#
##......# .#
.####......# .#
...........# ..
...........####


You could see Sin92's ghost.

Vanquished Creatures
  A black bear (D:4)
  A bullfrog (D:6)
  A scorpion (D:4)
  2 orc priests
  A hound (D:5)
  Crazy Yiuf (D:2)
  An orc wizard (D:3)
  A hound skeleton (D:4)
  Robin (D:2)
  4 adders
  3 gnolls (D:5)
  A white imp (D:5)
  An adder skeleton (D:2)
  5 dart slugs
  5 orcs
  8 ball pythons
  7 endoplasms
  4 giant cockroaches
  14 goblins
  8 hobgoblins
  3 jackals (D:2)
  7 quokkas
  6 bats
  3 frilled lizards
  11 kobolds
  4 rats
104 creatures vanquished.

Vanquished Creatures (others)
  194 foxfires
  24 fungi (D:5)
  5 plants (D:5)
  A withered plant (D:5)
224 creatures vanquished.

Grand Total: 328 creatures vanquished

Notes
Turn   | Place    | Note
-------+----------+-------------------------------------------
     0 | D:1      | unlimited1921 the Djinni Fire Elementalist began the quest
                  | for the Orb.
     0 | D:1      | Reached XP level 1. HP: 15/15 MP: 0/0
   315 | D:1      | Reached XP level 2. HP: 19/21 MP: 0/0
   605 | D:1      | Reached skill level 3 in Spellcasting
   605 | D:1      | Reached XP level 3. HP: 12/25 MP: 0/0
   605 | D:1      | Learned a level 1 spell: Animate Skeleton
  2066 | D:2      | Reached XP level 4. HP: 14/31 MP: 0/0
  2582 | D:2      | Found a faded altar of an unknown god.
  2602 | D:2      | Noticed Robin
  2617 | D:2      | Killed Robin
  3306 | D:2      | Found a runed translucent door.
  3307 | D:2      | Noticed Crazy Yiuf
  3314 | D:2      | Killed Crazy Yiuf
  3315 | D:2      | Reached skill level 4 in Spellcasting
  3315 | D:2      | Reached XP level 5. HP: 27/35 MP: 0/0
  3315 | D:2      | Learned a level 2 spell: Passwall
  3883 | D:3      | Reached XP level 6. HP: 29/40 MP: 0/0
  4215 | D:3      | Found an iron altar of Okawaru.
  5301 | D:4      | Found a shadowy altar of Dithmenos.
  5565 | D:4      | Noticed a black bear
  5570 | D:4      | Killed a black bear
  5570 | D:4      | HP: 2/40 [cloud of flame (5)]
  5571 | D:4      | Reached skill level 5 in Spellcasting
  5571 | D:4      | Reached XP level 7. HP: 3/45 MP: 0/0
  5571 | D:4      | Learned a level 3 spell: Lesser Beckoning
  6021 | D:4      | Found an ornate altar of the Wu Jian Council.
  6319 | D:5      | Entered Level 5 of the Dungeon
  6818 | D:5      | Found a white marble altar of Elyvilon.
  7004 | D:6      | Found a transporter.
  7014 | D:6      | Found a transporter.
  7016 | D:6      | Noticed a hornet
  7021 | D:6      | Noticed a yak
  7021 | D:6      | Noticed a manticore
  7122 | D:6      | Found a runed translucent door.
  7147 | D:6      | Noticed Sin92's ghost (novice DsFi)
  7162 | D:6      | Slain by Sin92's ghost

Illustrated notes

Levels and vault maps discovered:
D:1:      scummos_arrival_simple_fountains, layout_rooms
D:2:      layout_rooms, basic_ecumenical_altar, minmay_circle_x,
          uniq_crazy_yiuf_cottage, uniq_robin
D:3:      layout_loops_ring, okawaru_ov_weapons_minmay
D:4:      layout_basic, nicolae_dithmenos_through_a_glass_darkly,
          kennysheep_mini_moat, led_sif_pool
D:5:      layout_basic, grunt_temple_overflow_growth_and_decay,
          mainiacjoe_overflow_cross_hatched, corexii_item_surrounded_by_moat
D:6:      layout_basic, gammafunk_temple_overflow_arena,
          minmay_temple_entry_gardened_gates, ebering_ghost_sewer_d,
          dk_rats_in_the_wall

Skill      XL: |  1  2  3  4  5  6 |
---------------+-------------------+-----
Spellcasting   | 3 4 5 |  5.8
Stealth        | 2 |  2.7
Armour         | |  0.1
Dodging        | |  2.7

Action                   |  1- 3 |  4- 6 |  7- 9 || total
-------------------------+-------+-------+-------++-------
Melee: Short sword       |     1 |       |       ||     1
       Quarterstaff      |       |     2 |       ||     2
 Cast: Foxfire           |    48 |    55 |    24 ||   127
       Scorch            |    13 |    22 |    10 ||    45
       Animate Skeleton  |     2 |     2 |       ||     4
       Inner Flame       |     1 |    12 |    11 ||    24
Armor: Robe              |     6 |     1 |       ||     7
       Leather armour    |       |       |     3 ||     3
Dodge: Dodged            |     6 |    10 |     6 ||    22
